TOP OF THE 1ST |
Montreal Expos batting - Pitching for Philadelphia Phillies : LHP Jon Matlack
|
Pitching: LHP Jon Matlack
|
|
Batting: LHB Duane Walker
|
0-0: Called Strike 0-1: Ball 1-1: Bunt missed! 1-2: Foul Ball, location: 2F 1-2: Ball 2-2: Fly out, F7 (Flyball, 7LM, EV 103.1 MPH)
|
Batting: SHB Garry Templeton
|
0-0: Foul Ball, location: 2F 0-1: Ball 1-1: Ground out 5-3 (Groundball, 56, EV 98.1 MPH)
|
Batting: LHB Kirk Gibson
|
0-0: Ball 1-0: Called Strike 1-1: Ball 2-1: Ball 3-1: Base on Balls
|
Batting: RHB Dale Murphy
|
0-0: Ball Kirk Gibson is caught stealing 2nd base 2-4
|
Top of the 1st over - 0 runs, 0 hits, 0 errors, 0 left on base; Montreal 0 - Philadelphia 0 |
BOTTOM OF THE 1ST |
Philadelphia Phillies batting - Pitching for Montreal Expos : LHP Michael Steen
|
Pitching: LHP Michael Steen
|
|
Batting: RHB Andy Ramirez
|
0-0: Ball 1-0: SOLO HOME RUN (Flyball, 78XD, EV 94.4 MPH), Distance : 408 ft
|
Batting: RHB Paul Molitor
|
0-0: Ball 1-0: Ball 2-0: Ball 3-0: Base on Balls
|
Batting: LHB Tony Gwynn
|
0-0: Ball 1-0: Called Strike 1-1: Ball 2-1: Ball 3-1: Called Strike 3-2: Fly out, F4 (Popup, 23, EV 88.1 MPH)
|
Batting: RHB Candy Maldonado
|
0-0: Ball 1-0: Foul Ball, location: 2F 1-1: Called Strike 1-2: Strikes out swinging
|
Batting: LHB Ken Phelps
|
0-0: Called Strike 0-1: Swinging Strike 0-2: Ball Paul Molitor is caught stealing 2nd base 2-6
|
Bottom of the 1st over - 1 run, 1 hit, 0 errors, 0 left on base; Montreal 0 - Philadelphia 1 |
TOP OF THE 2ND |
Montreal Expos batting - Pitching for Philadelphia Phillies : LHP Jon Matlack
|
Batting: RHB Dale Murphy
|
0-0: Called Strike 0-1: Ball 1-1: Foul Ball, location: 2F 1-2: Ball 2-2: Ball 3-2: Foul Ball, location: 2F 3-2: Fly out, F8 (Flyball, 8RM, EV 85.6 MPH)
|
Batting: RHB Dave Winfield
|
0-0: Swinging Strike 0-1: Ground out 4-3 (Groundball, 4, EV 84.4 MPH)
|
Batting: LHB Timnothy Meyer
|
0-0: Fly out, F9 (Line Drive, 9D, EV 90.6 MPH)
|
Top of the 2nd over - 0 runs, 0 hits, 0 errors, 0 left on base; Montreal 0 - Philadelphia 1 |
BOTTOM OF THE 2ND |
Philadelphia Phillies batting - Pitching for Montreal Expos : LHP Michael Steen
|
Batting: LHB Ken Phelps
|
0-0: Foul Ball, location: 2F 0-1: Fly out, F8 (Flyball, 8LD, EV 110.0 MPH)
|
Batting: RHB Andre Dawson
|
0-0: Ball 1-0: Foul Ball, location: 2F 1-1: Foul Ball, location: 2F 1-2: Strikes out swinging
|
Batting: LHB Lou Whitaker
|
0-0: Fly out, F8 (Flyball, 78D, EV 102.5 MPH)
|
Bottom of the 2nd over - 0 runs, 0 hits, 0 errors, 0 left on base; Montreal 0 - Philadelphia 1 |
TOP OF THE 3RD |
Montreal Expos batting - Pitching for Philadelphia Phillies : LHP Jon Matlack
|
Batting: SHB Biff Pocoroba
|
0-0: Ground out 6-3 (Groundball, 6, EV 85.6 MPH)
|
Batting: LHB Ernesto Quevedo
|
0-0: Called Strike 0-1: Ground out 4-3 (Groundball, 4MS, EV 65.6 MPH)
|
Batting: RHB Michael Steen
|
0-0: Called Strike 0-1: Ball 1-1: Ball 2-1: Swinging Strike 2-2: Foul Ball, location: 2F 2-2: Strikes out looking
|
Top of the 3rd over - 0 runs, 0 hits, 0 errors, 0 left on base; Montreal 0 - Philadelphia 1 |
BOTTOM OF THE 3RD |
Philadelphia Phillies batting - Pitching for Montreal Expos : LHP Michael Steen
|
Batting: RHB Jody Davis
|
0-0: Ball 1-0: Called Strike 1-1: Foul Ball, location: 2F 1-2: Ball 2-2: Foul Ball, location: 2F 2-2: Foul Ball, location: 2F 2-2: Fly out, F7 (Flyball, 7LS, EV 88.1 MPH)
|
Batting: LHB Jon Matlack
|
0-0: Ball 1-0: Ball 2-0: Called Strike 2-1: Swinging Strike 2-2: Foul Ball, location: 2F 2-2: Strikes out swinging
|
Batting: RHB Andy Ramirez
|
0-0: Ball 1-0: Called Strike 1-1: Fly out, F9 (Line Drive, 9, EV 90.6 MPH)
|
Bottom of the 3rd over - 0 runs, 0 hits, 0 errors, 0 left on base; Montreal 0 - Philadelphia 1 |
TOP OF THE 4TH |
Montreal Expos batting - Pitching for Philadelphia Phillies : LHP Jon Matlack
|
Batting: LHB Duane Walker
|
0-0: Called Strike 0-1: Ball 1-1: Ball 2-1: Swinging Strike 2-2: Foul Ball, location: 2F 2-2: Ball 3-2: Foul Ball, location: 2F 3-2: Base on Balls
|
Batting: SHB Garry Templeton
|
0-0: Ball 1-0: Called Strike 1-1: Called Strike Duane Walker steals 2nd base 1-2: Strikes out looking
|
Batting: LHB Kirk Gibson
|
0-0: Ball 1-0: Foul Ball, location: 2F 1-1: Fly out, F7 (Flyball, 7LS, EV 91.9 MPH)
|
Batting: RHB Dale Murphy
|
0-0: Foul Ball, location: 2F 0-1: Ground out 6-3 (Groundball, 6S, EV 92.5 MPH)
|
Top of the 4th over - 0 runs, 0 hits, 0 errors, 1 left on base; Montreal 0 - Philadelphia 1 |
BOTTOM OF THE 4TH |
Philadelphia Phillies batting - Pitching for Montreal Expos : LHP Michael Steen
|
Batting: RHB Paul Molitor
|
0-0: Called Strike 0-1: Ground out 6-3 (Groundball, 6M, EV 81.3 MPH)
|
Batting: LHB Tony Gwynn
|
0-0: Ball 1-0: Ground out 4-3 (Groundball, 4, EV 103.1 MPH)
|
Batting: RHB Candy Maldonado
|
0-0: Called Strike 0-1: Fly out, F9 (Flyball, 9, EV 91.9 MPH)
|
Bottom of the 4th over - 0 runs, 0 hits, 0 errors, 0 left on base; Montreal 0 - Philadelphia 1 |
TOP OF THE 5TH |
Montreal Expos batting - Pitching for Philadelphia Phillies : LHP Jon Matlack
|
Batting: RHB Dave Winfield
|
0-0: Ball 1-0: SOLO HOME RUN (Flyball, 89XD, EV 98.8 MPH), Distance : 423 ft
|
Batting: LHB Timnothy Meyer
|
0-0: Foul Ball, location: 2F 0-1: Ground out U3 (Groundball, 3, EV 108.1 MPH)
|
Batting: SHB Biff Pocoroba
|
0-0: Swinging Strike 0-1: Ball 1-1: Foul Ball, location: 2F 1-2: Ball 2-2: Fly out, F7 (Flyball, 7LS, EV 91.9 MPH)
|
Batting: LHB Ernesto Quevedo
|
0-0: Swinging Strike 0-1: Ball 1-1: Ball 2-1: Swinging Strike 2-2: Ground out 1-3 (Groundball, 13, EV 71.9 MPH)
|
Top of the 5th over - 1 run, 1 hit, 0 errors, 0 left on base; Montreal 1 - Philadelphia 1 |
BOTTOM OF THE 5TH |
Philadelphia Phillies batting - Pitching for Montreal Expos : LHP Michael Steen
|
Batting: LHB Ken Phelps
|
0-0: Called Strike 0-1: Ball 1-1: Foul Ball, location: 2F 1-2: Ball 2-2: Foul Ball, location: 2F 2-2: Ground out 4-3 (Groundball, 4, EV 89.4 MPH)
|
Batting: RHB Andre Dawson
|
0-0: Ball 1-0: Ball 2-0: Swinging Strike 2-1: Called Strike 2-2: Foul Ball, location: 2F 2-2: SINGLE (Groundball, 4D, EV 100.0 MPH)
|
Batting: LHB Lou Whitaker
|
0-0: Swinging Strike 0-1: Ball 1-1: Ball 2-1: Hit by Pitch Andre Dawson to second
|
Batting: RHB Jody Davis
|
0-0: Called Strike 0-1: Foul Ball, location: 2F 0-2: Ball 1-2: Ball 2-2: Fielders Choice at 2nd, 1-4 (Groundball, P, EV 67.5 MPH) Andre Dawson to third
|
Batting: LHB Jon Matlack
|
0-0: Ball 1-0: Ball 2-0: Called Strike 2-1: Ball 3-1: Called Strike 3-2: Strikes out swinging
|
Bottom of the 5th over - 0 runs, 1 hit, 0 errors, 2 left on base; Montreal 1 - Philadelphia 1 |
TOP OF THE 6TH |
Montreal Expos batting - Pitching for Philadelphia Phillies : LHP Jon Matlack
|
Batting: RHB Michael Steen
|
0-0: Ball 1-0: Foul Ball, location: 2F 1-1: Ground out 4-3 (Groundball, 4, EV 102.5 MPH)
|
Batting: LHB Duane Walker
|
0-0: Ball 1-0: Ground out 6-3 (Groundball, 6M, EV 77.5 MPH)
|
Batting: SHB Garry Templeton
|
0-0: Bunted foul 0-1: Called Strike 0-2: Ball 1-2: Strikes out looking
|
Top of the 6th over - 0 runs, 0 hits, 0 errors, 0 left on base; Montreal 1 - Philadelphia 1 |
BOTTOM OF THE 6TH |
Philadelphia Phillies batting - Pitching for Montreal Expos : LHP Michael Steen
|
Batting: RHB Andy Ramirez
|
0-0: Ball 1-0: Ball 2-0: Foul Ball, location: 2F 2-1: Called Strike 2-2: Ball 3-2: Foul Ball, location: 2F 3-2: Foul Ball, location: 2F 3-2: Ground out 6-3 (Groundball, 6MS, EV 68.8 MPH)
|
Batting: RHB Paul Molitor
|
0-0: Ball 1-0: Ball 2-0: Ball 3-0: Base on Balls
|
Batting: LHB Tony Gwynn
|
0-0: Fly out, F5 (Popup, 56S, EV 78.1 MPH)
|
Batting: RHB Candy Maldonado
|
0-0: Called Strike 0-1: Fly out, F9 (Flyball, 9LM, EV 81.3 MPH)
|
Bottom of the 6th over - 0 runs, 0 hits, 0 errors, 1 left on base; Montreal 1 - Philadelphia 1 |
TOP OF THE 7TH |
Montreal Expos batting - Pitching for Philadelphia Phillies : LHP Jon Matlack
|
Batting: LHB Kirk Gibson
|
0-0: Reached on error, E3 (Groundball, 34, EV 106.3 MPH)
|
Pitching: RHP Tom Hume
|
|
Batting: RHB Dale Murphy
|
0-0: Called Strike 0-1: Ball 1-1: Ball 2-1: Foul Ball, location: 2F 2-2: Ball 3-2: DOUBLE (Flyball, 78D, EV 103.1 MPH) Kirk Gibson scores
|
Batting: RHB Dave Winfield
|
0-0: Swinging Strike 0-1: Called Strike 0-2: Ball 1-2: Ground out 4-3 (Groundball, 4, EV 89.4 MPH) Dale Murphy to third
|
Batting: LHB Timnothy Meyer
|
0-0: Intentional Walk
|
Batting: SHB Biff Pocoroba
|
0-0: Ball 1-0: Fly out, F8 (Flyball, 8LM, EV 82.5 MPH) Runner from 3rd tags up, OUT at HOME! 8-2
|
Top of the 7th over - 1 run, 1 hit, 1 error, 1 left on base; Montreal 2 - Philadelphia 1 |
BOTTOM OF THE 7TH |
Philadelphia Phillies batting - Pitching for Montreal Expos : LHP Michael Steen
|
Batting: LHB Ken Phelps
|
0-0: Swinging Strike 0-1: SINGLE (Line Drive, 6D, EV 99.4 MPH)
|
Pitching: LHP Bob Ojeda
|
|
Now at C: Orlando Sanchez
|
|
Batting: RHB Andre Dawson
|
0-0: Ball 1-0: Fielders Choice at 2nd, 6-4 (Groundball, 56, EV 94.4 MPH)
|
Pinch Hitting: RHB Dan Thomas
|
0-0: Ball 1-0: Called Strike 1-1: Swinging Strike 1-2: Foul Ball, location: 2F 1-2: Ball 2-2: Foul Ball, location: 2F 2-2: Grounds into double play, 6-4-3 (Groundball, 6, EV 83.8 MPH)
|
Bottom of the 7th over - 0 runs, 1 hit, 0 errors, 0 left on base; Montreal 2 - Philadelphia 1 |
TOP OF THE 8TH |
Montreal Expos batting - Pitching for Philadelphia Phillies : RHP Tom Hume
|
Now at 3B: Dan Thomas
|
|
Batting: LHB Ernesto Quevedo
|
0-0: Ball 1-0: Ball 2-0: Ground out 6-3 (Groundball, 6M, EV 102.5 MPH)
|
Batting: LHB Orlando Sanchez
|
0-0: Ball 1-0: Swinging Strike 1-1: Ball 2-1: Foul Ball, location: 2F 2-2: Strikes out looking
|
Batting: LHB Duane Walker
|
0-0: Ball 1-0: Called Strike 1-1: Ball 2-1: Ball 3-1: SINGLE (Line Drive, 9LS, EV 111.3 MPH)
|
Batting: SHB Garry Templeton
|
0-0: Ball 1-0: Ball Duane Walker steals 2nd base 2-0: Called Strike 2-1: Swinging Strike 2-2: Strikes out swinging
|
Top of the 8th over - 0 runs, 1 hit, 0 errors, 1 left on base; Montreal 2 - Philadelphia 1 |
BOTTOM OF THE 8TH |
Philadelphia Phillies batting - Pitching for Montreal Expos : LHP Bob Ojeda
|
Batting: RHB Jody Davis
|
0-0: Ball 1-0: Ball 2-0: Ball 3-0: Base on Balls
|
Pinch Hitting: LHB Cecil Cooper
|
0-0: Ball 1-0: Foul Ball, location: 2F 1-1: Ball 2-1: Swinging Strike 2-2: Fly out, F2 (Popup, 23F, EV 84.4 MPH)
|
Batting: RHB Andy Ramirez
|
0-0: Foul Ball, location: 2F 0-1: Foul Ball, location: 2F 0-2: Reached on error, E6 (Groundball, 6, EV 86.9 MPH) Jody Davis to second
|
Batting: RHB Paul Molitor
|
0-0: Ball 1-0: Swinging Strike 1-1: Ball 2-1: Called Strike 2-2: Foul Ball, location: 2F 2-2: Strikes out swinging
|
Batting: LHB Tony Gwynn
|
0-0: Ball 1-0: Fielders Choice at 2nd, 5-4 (Groundball, 5, EV 108.1 MPH)
|
Bottom of the 8th over - 0 runs, 0 hits, 1 error, 2 left on base; Montreal 2 - Philadelphia 1 |
TOP OF THE 9TH |
Montreal Expos batting - Pitching for Philadelphia Phillies : RHP Tom Hume
|
Pitching: RHP Jim Kern
|
|
Batting: LHB Kirk Gibson
|
0-0: Ball 1-0: Ball 2-0: Ball 3-0: Called Strike 3-1: Base on Balls
|
Batting: RHB Dale Murphy
|
0-0: Called Strike 0-1: Ball 1-1: Ball Wild Pitch! Kirk Gibson to second 2-1: Foul Ball, location: 2F 2-2: 2-RUN HOME RUN (Flyball, 78XD, EV 94.4 MPH), Distance : 409 ft
|
Batting: RHB Dave Winfield
|
0-0: Ball 1-0: Ball 2-0: Ball 3-0: Base on Balls
|
Batting: LHB Timnothy Meyer
|
0-0: Ball 1-0: Called Strike 1-1: Ball 2-1: SINGLE (Line Drive, 8RS, EV 110.0 MPH) Dave Winfield to second
|
Batting: LHB Bob Ojeda
|
0-0: Sac Bunt to 13S - play at first, batter OUT! 1-4 Dave Winfield to third Timnothy Meyer to second
|
Batting: LHB Ernesto Quevedo
|
0-0: Called Strike 0-1: Ball 1-1: Fly out, F8 (Flyball, 8RD, EV 108.1 MPH) Runner from 3rd tags up, SCORES, throw by CF
|
Pitching: LHP Lawrence Burgess
|
|
Batting: LHB Orlando Sanchez
|
0-0: Called Strike 0-1: Foul Ball, location: 2F 0-2: Strikes out swinging
|
Top of the 9th over - 3 runs, 2 hits, 0 errors, 1 left on base; Montreal 5 - Philadelphia 1 |
BOTTOM OF THE 9TH |
Philadelphia Phillies batting - Pitching for Montreal Expos : LHP Bob Ojeda
|
Batting: RHB Candy Maldonado
|
0-0: Ball 1-0: Called Strike 1-1: Ball 2-1: Called Strike 2-2: Fly out, F9 (Flyball, 9, EV 78.1 MPH)
|
Batting: LHB Ken Phelps
|
0-0: Ball 1-0: Called Strike 1-1: Foul Ball, location: 2F 1-2: Ball 2-2: Foul Ball, location: 2F 2-2: Ball 3-2: Foul Ball, location: 2F 3-2: Foul Ball, location: 2F 3-2: SINGLE (Line Drive, 78S, EV 93.1 MPH)
|
Batting: RHB Andre Dawson
|
0-0: Fly out, F9 (Flyball, 9D, EV 90.0 MPH)
|
Batting: RHB Dan Thomas
|
0-0: Foul Ball, location: 2F 0-1: Ball 1-1: Swinging Strike 1-2: Ball 2-2: Ball 3-2: Foul Ball, location: 2F 3-2: Strikes out looking
|
Bottom of the 9th over - 0 runs, 1 hit, 0 errors, 1 left on base; Montreal 5 - Philadelphia 1 |
|